AoeStats
← makia.man

Nomad

509228556Analyzed
3v3 RM · 6d ago on Sep 26, 2026· 46m 1s· 6 players
Game mode
Random Map
Map size
210×210
Population
200
Speed
Normal
Resources
Standard
Victory
Conquest
Starting age
Dark Age
Ending age
Imperial Age
RankedLock teamsTeams togetherTeam positionsShared explorationLock speedFull tech treeHidden civsTurbo modeCheats
Victory
Defeat
🇨🇦 Franks · Canada
819
+11
🇧🇷 Franks · Brazil
768
+13
🇺🇸 Chinese · United States
759
+13
🇨🇴 Varangians · Colombia
776
-16
🇨🇴 Vietnamese · Colombia
700
-12
🇨🇴 Bulgarians · Colombia
608
-9
Dg
4:21 Loom
17:24 Feudal Age
18:51 Arson
18:27 Man-at-Arms
23:09 Forging
27:56 Castle Age
28:11 Fletching
33:51 Scale Mail Armor
38:27 Gold Mining
39:41 Long Swordsman
42:57 Bodkin Arrow
glinesbrandon1
5:18 Loom
17:05 Feudal Age
20:02 Double-Bit Axe
23:33 Castle Age
26:50 Forging
28:11 Murder Holes
42:39 Imperial Age
40:11 Gold Mining
43:45 Conscription
42:56 Elite Fire Lancer
43:22 Arson
44:36 Capped Ram
45:44 Scale Mail Armor
BlackKnight_01
5:16 Loom
15:51 Feudal Age
18:08 Wheelbarrow
17:24 Double-Bit Axe
17:32 Gold Mining
17:36 Stone Mining
20:34 Fletching
20:50 Scale Barding Armor
20:57 Forging
24:55 Castle Age
26:48 Hand Cart
26:48 Bow Saw
27:17 Gold Shaft Mining
26:40 Bodkin Arrow
27:05 Chain Barding Armor
27:22 Iron Casting
27:39 Husbandry
34:28 Imperial Age
36:04 Plate Barding Armor
36:30 Blast Furnace
34:57 Cavalier
37:25 Paladin
39:22 Conscription
El Abuelo Morris
20:05 Feudal Age
20:13 Man-at-Arms
21:48 Arson
23:38 Double-Bit Axe
26:02 Scale Mail Armor
26:37 Fishing Lines
28:00 Wheelbarrow
27:37 Forging
28:27 Horse Collar
28:48 Gold Mining
28:48 Stone Mining
33:20 Castle Age
39:58 Gillnets
40:55 Gambesons
43:43 Iron Casting
43:24 Chain Mail Armor
45:28 Stone Shaft Mining
makia.man
3:49 Loom
19:00 Feudal Age
20:54 Wheelbarrow
20:05 Town Watch
21:21 Horse Collar
21:32 Double-Bit Axe
22:00 Bloodlines
22:04 Forging
24:06 Scale Mail Armor
24:12 Scale Barding Armor
26:11 Gold Mining
34:48 Castle Age
37:13 Hand Cart
38:55 Heavy Plow
39:33 Bow Saw
41:06 Iron Casting
40:52 Chain Barding Armor
40:48 Chain Mail Armor
40:52 Gambesons
41:09 Squires
40:29 Pikeman
46:00 Imperial Age
Changowar
17:29 Feudal Age
26:09 Castle Age
29:28 Wheelbarrow
28:42 Double-Bit Axe
32:32 Horse Collar
33:35 Bow Saw
45:12 Elite Skirmisher
Connection lost

Rejoining the realm…

Still unreachable

The connection could not be restored.

Session expired

The server has moved on; the page needs a fresh start.